 Dungeon Crawl Stone Soup version 0.29-a0-925-g0a7a3d12f8 (webtiles) character file.

Game seed: 10930901477245886175

55 spiderkeys the Trooper (level 3, 0/26 HPs)
             Began as an Octopode Chaos Knight on July 30, 2022.
             Was a Plaything of Xom.
             Slain by an endoplasm (2 damage)
             ... on level 2 of the Dungeon.
             The game lasted 00:01:21 (1154 turns).

spiderkeys the Trooper (Octopode Chaos Knight)      Turns: 1154, Time: 00:01:23

Health: 0/26       AC:  1    Str: 10 (11) XL:     3   Next: 93%
Magic:  3/3        EV: 13    Int: 12 (14) God:    Xom [..*...]
Gold:   151        SH:  0    Dex: 10 (13) Spells: 2/2 levels left

rFire   . . .      SeeInvis .   a - +0 falchion (chaos)
rCold   . . .      Faith    .   (no shield)
rNeg    . . .      Spirit   .   (helmet restricted)
rPois   .          Reflect  .   (no amulet)
rElec   .          Harm     .   (no ring)
rCorr   .          Rampage  .   (no ring)
Will    .....                   (no ring)
Stlth   ++........              (no ring)
HPRegen 0.08/turn               (no ring)
MPRegen 0.08/turn               (no ring)
                                (no ring)
                                (no ring)

@: brilliant
A: almost no armour, amphibious, 8 rings, camouflage 1, gelatinous body 1,
(nimble swimmer 1), tentacles
a: Renounce Religion


You were on level 2 of the Dungeon.
You worshipped Xom.
You were a toy of Xom.
You visited 1 branch of the dungeon, and saw 2 of its levels.

You collected 151 gold pieces.


Innate Abilities, Weirdness & Mutations

You cannot wear most types of armour.
You are amphibious.
You can wear up to eight rings at the same time.
Your skin changes colour to match your surroundings (Stealth+).
Your rubbery body absorbs attacks. (AC +1, EV +1)
((You are camouflaged when in or above water. (Stealth+)))
You have tentacles for arms and can constrict up to eight enemies at once.


   Skills:
 + Level 3.6 Fighting
 + Level 3.6 Long Blades
 + Level 3.1 Dodging


You had 2 spell levels left.
You didn't know any spells.
Your spell library contained the following spells:

 Spells                   Type           Power      Damage    Failure   Level
 Ensorcelled Hibernation  Hex/Ice        0%         N/A       45%         2
 Passwall                 Tmut/Erth      0%         N/A       45%         2
 Ozocubu's Armour         Ice            0%         N/A       69%         3
 Swiftness                Air            0%         N/A       69%         3
 Ozocubu's Refrigeration  Ice            0%         4d5       100%        7

Inventory:

Hand Weapons
 a - a +0 falchion of chaos (weapon)
Missiles
 c - 4 javelins
 e - 32 stones
 h - 4 poisoned darts
 i - 5 boomerangs
Scrolls
 g - 2 scrolls of identify {unknown}
 j - a scroll of silence {unknown}
Potions
 f - a potion of brilliance
Miscellaneous
 b - a piece from Xom's chessboard (15/15) (quivered)

Dungeon Overview and Level Annotations

Branches:
Dungeon (2/15) Zot: 10837

Altars:

Shops:
D:1

( .. .# #.# .### #.# ##...
#.# ##...## #.### ##.....##
#.#.## ##.......##
#####....####..JS†....#
.....[......+...@.....+
####.....####.........#
###.#..## ##.......##
#...#...# ##.....##
#.#####.# ##...######
#...#...# #........#
###.#..## #..#####.# #....#
#..# #.#
####.########..#####.#####.#


You could see an adder (very poisoned) and an endoplasm.


Message History

You add the spells Ozocubu's Armour and Ozocubu's Refrigeration to your library.
You see here a +0 club.
You now have 141 gold pieces (gained 15).
You are now a toy of Xom.
j - a scroll labelled BAATTI HOALIPT An endoplasm comes into view.
The helpless endoplasm fails to defend itself.
You hit the endoplasm. The endoplasm barely misses you.
You hit the endoplasm.
You kill the endoplasm!
You now have 151 gold pieces (gained 10).
Key pressed, stopping explore.
Found a stone staircase leading down.
Found an escape hatch in the floor.
A dart slug and a jackal come into view.
There are monsters nearby!
There are monsters nearby!
A jackal comes into view.
The jackal barks!
The dart slug launches a dart at you. The slug dart hits you.
A jackal comes into view. 😕 HP[-1]
You take 1 damage, and now have 25/26 hp.
The jackal barks! x2
The jackal bites you. 😕 HP[-1]
You take 1 damage, and now have 24/26 hp.
You hit the dart slug. You grab the dart slug. You constrict the dart slug.
The jackal closely misses you. The jackal completely misses you.
You hit the dart slug.
You kill the dart slug!
The jackal barely misses you. x2; The jackal closely misses you.
The jackal bites you. The jackal closely misses you. 😕 HP[-2]
You take 2 damage, and now have 22/26 hp.
You barely miss the jackal. Your grab misses the jackal.
Your squeeze misses the jackal. The jackal bites you. x2
The jackal misses you. 😮 HP[-5]
You take 5 damage, and now have 17/26 hp.
You are too injured to fight recklessly!
You are too injured to fight recklessly!
You are too injured to fight recklessly!
You are too injured to fight recklessly!
You completely miss the jackal. You grab the jackal.
You squeeze the jackal, but do no damage.
You constrict the jackal, but do no damage.
The jackal misses you. The jackal closely misses you.
The jackal barely misses you.
An endoplasm comes into view.
The jackal closely misses you.
The jackal bites you but does no damage.
The jackal misses you.
You barely miss the jackal. You grab the jackal. You constrict the jackal.
You constrict the jackal, but do no damage.
The jackal misses you. The jackal bites you. x2
* * * LOW HITPOINT WARNING * * *
An adder comes into view. 😚 HP[-4]
You take 4 damage, and now have 13/26 hp.
You barely miss the jackal. You grab the jackal. You squeeze the jackal.
You constrict the jackal. x3; The jackal bites you.
* * * LOW HITPOINT WARNING * * *
The jackal bites you but does no damage.
The jackal bites you.
* * * LOW HITPOINT WARNING * * *
The jackal closely misses you. The jackal bites you.
* * * LOW HITPOINT WARNING * * *
The jackal closely misses you. 😱 HP[-8]
You take 8 damage, and now have 5/26 hp.
MASSIVE DAMAGE!! (PAUSE) It was a potion of brilliance.
You feel clever all of a sudden.
Xom roars with laughter!
You constrict the jackal. x3
You kill the jackal!
The jackal closely misses you. The jackal bites you.
* * * LOW HITPOINT WARNING * * *
😱 HP[-2]
You take 2 damage, and now have 3/26 hp.
It was a potion of degeneration.
There was something very wrong with that liquid.
You feel weakened.
You feel dopey.
You feel clumsy.
You constrict the jackal.
You kill the jackal!
You constrict the jackal, but do no damage.
The jackal closely misses you. The jackal bites you.
* * * LOW HITPOINT WARNING * * *
You hit the jackal. You freeze the jackal.
You kill the jackal!
The adder bites you.
* * * LOW HITPOINT WARNING * * *
😱 HP[-1]
You take 1 damage, and now have 2/26 hp.
You hit the adder.
The adder is poisoned.
Your grab misses the adder. The adder closely misses you.
The adder completely misses you. The endoplasm hits you.
You die...

Skill      XL: |  1  2  3 |
---------------+----------+-----
Dodging        | 3 |  3.1
Fighting       | |  3.6
Long Blades    | |  3.6

Action                   || total
-------------------------++-------
Melee: Falchion          ||    54
       Constrict         ||    14
       Tentacles         ||     9
  Use: Potion            ||     2
 Stab: Sleeping          ||     4
Armor: Skin              ||     6
Dodge: Dodged            ||    54

Levels and vault maps discovered:
D:1:      dpeg_arrival_tiny_b, layout_basic,
          dreamdust_ecumenical_altar_angels_and_demons, serial_shops, shop
D:2:      layout_loops_corners, minmay_misc_feat_iff, uniq_sigmund, uniq_terence

Notes
Turn   | Place    | Note
-------+----------+-------------------------------------------
     0 | D:1      | spiderkeys the Octopode Chaos Knight began the quest for
                  | the Orb.
     0 | D:1      | Reached XP level 1. HP: 16/16 MP: 1/1
     0 | D:1      | magus.rc [v1.11.3]
    62 | D:1      | Reached XP level 2. HP: 13/21 MP: 2/2
   228 | D:1      | Found a faded altar of an unknown god.
   388 | D:1      | XOM: noise
   442 | D:1      | Reached XP level 3. HP: 24/26 MP: 3/3
   514 | D:1      | XOM: smoke on damage
   800 | D:1      | Found Hodefus's Weapon Emporium.
   808 | D:1      | XOM: summons 2 hostile demons
   888 | D:2      | Reached skill level 3 in Dodging
  1030 | D:2      | You pick up a book of Burglary and begin reading...
  1030 | D:2      | You add the spells Passwall, Ensorcelled Hibernation and
                  | Swiftness to your library.
  1038 | D:2      | You add the spells Ozocubu's Armour and Ozocubu's
                  | Refrigeration to your library.
  1150 | D:2      | HP: 5/26 [jackal (2)]
  1153 | D:2      | HP: 2/26 [adder (1)]
  1154 | D:2      | Slain by an endoplasm

Vanquished Creatures
  A gnoll (D:1)
  An adder (D:2)
  2 dart slugs
  A ball python (D:1)
  An endoplasm (D:2)
  2 giant cockroaches (D:1)
  2 goblins
  A hobgoblin (D:1)
  7 jackals
  4 kobolds (D:1)
  3 bats
  A frilled lizard (D:1)
  A rat (D:1)
27 creatures vanquished.

Table legend:
 A = Non-vault XP
 B = Vault XP
 C = Vault XP percentage of total XP
 D = Non-vault monster count
 E = Vault monster count
 F = Vault count percentage of total count
                 A         B        C        D         E       F
            +---------+---------+-------+---------+---------+-------
      Total |      79 |       0 |   0.0 |      27 |       0 |   0.0
            +---------+---------+-------+---------+---------+-------
        D:1 |      50 |       0 |   0.0 |      19 |       0 |   0.0
        D:2 |      29 |       0 |   0.0 |       8 |       0 |   0.0
            +---------+---------+-------+---------+---------+-------

Illustrated notes

Table legend:
 A = Kills in this place as a percentage of kills in entire the game.
 B = Kills by you in this place as a percentage of kills by you in the entire game.
 C = Kills by friends in this place as a percentage of kills by friends in the entire game.
 D = Other kills in this place as a percentage of other kills in the entire game.
 E = Experience gained in this place as a percentage of experience gained in the entire game.
 F = Experience gained in this place divided by the number of levels of this place that you have seen.
                   A       B       C       D       E      F
               +-------+-------+-------+-------+-------+----------------------
         Total | 100.0 | 100.0 |   N/A |   N/A | 100.0 |  39.5
       Dungeon | 100.0 | 100.0 |   N/A |   N/A | 100.0 |  39.5
               +-------+-------+-------+-------+-------+----------------------

Table legend: (Time is in decaauts)
 A = Elapsed time spent in this place.
 B = Non-inter-level travel time spent in this place.
 C = Inter-level travel time spent in this place.
 D = Time resting spent in this place.
 E = Time spent auto-exploring this place.
 F = Levels seen in this place.
 G = Mean time per level.
                   A        B        C        D        E       F      G
               +--------+--------+--------+--------+--------+-----+--------+
         Total |   1161 |   1140 |     21 |      0 |    978 |   2 |  580.5 |
       Dungeon |   1161 |   1140 |     21 |      0 |    978 |   2 |  580.5 |
               +--------+--------+--------+--------+--------+-----+--------+

Top non-repeatable levels by time:
     D:1: 880 daAuts
     D:2: 280 daAuts
